 Dungeon Crawl Stone Soup version 0.29-a0-620-g13ace881f2 (webtiles) character file.

Game seed: 12866807586496359851

23 Patoropollo the Shield-Bearer (level 3, 0/35 HPs)
             Began as a Gnoll Fighter on June 19, 2022.
             Slain by an orc
             ... wielding a +0 war axe
              (3 damage)
             ... on level 2 of the Dungeon.
             The game lasted 00:01:14 (733 turns).

Patoropollo the Shield-Bearer (Gnoll Fighter)        Turns: 733, Time: 00:01:14

Health: 0/35       AC:  7    Str: 17    XL:     3   Next: 0%
Magic:  3/3        EV:  9    Int:  7    God:
Gold:   58         SH:  5    Dex: 11    Spells: 3/3 levels left

rFire   . . .      SeeInvis .   a - +0 flail
rCold   . . .      Faith    .   c - +0 buckler
rNeg    . . .      Spirit   .   b - +0 scale mail
rPois   .          Reflect  .   (no helmet)
rElec   .          Harm     .   n - scarf {shadows}
rCorr   .          Rampage  .   (no gloves)
Will    .....                   (no boots)
Stlth   ..........              (no amulet)
HPRegen 0.11/turn               (no ring)
MPRegen 0.08/turn               (no ring)

@: no status effects
A: fangs 1, strong nose, distributed training
a: no special abilities


You were on level 2 of the Dungeon.
You visited 1 branch of the dungeon, and saw 2 of its levels.

You collected 58 gold pieces.

Inventory:

Hand Weapons
 a - a +0 flail (weapon)
Armour
 b - a +0 scale mail (worn)
 c - a +0 buckler (worn)
 n - a scarf of shadows (worn)
Jewellery
 i - an amulet of magic regeneration
Scrolls
 e - a scroll of vulnerability {unknown}
 f - a scroll of fear {unknown}
 h - 2 scrolls of identify {unknown}
 j - a scroll of enchant weapon {unknown}
Potions
 d - a potion of might
 g - a potion of cancellation {unknown}
 k - a potion of brilliance {unknown}
 l - 2 potions of magic {unknown}


   Skills:
 + Level 6.5 Fighting
 + Level 0.5 Short Blades
 + Level 0.5 Long Blades
 + Level 0.5 Axes
 + Level 4.5 Maces & Flails
 + Level 0.5 Polearms
 + Level 0.5 Staves
 + Level 0.5 Slings
 + Level 0.5 Bows
 + Level 0.5 Crossbows
 + Level 0.5 Throwing
 + Level 6.5 Armour
 + Level 0.5 Dodging
 + Level 0.5 Stealth
 + Level 6.5 Shields
 + Level 0.5 Unarmed Combat
 + Level 0.5 Spellcasting
 + Level 0.4 Conjurations
 + Level 0.4 Hexes
 + Level 0.4 Summonings
 + Level 0.4 Necromancy
 + Level 0.4 Translocations
 + Level 0.4 Transmutations
 + Level 0.4 Fire Magic
 + Level 0.4 Ice Magic
 + Level 0.4 Air Magic
 + Level 0.4 Earth Magic
 + Level 0.4 Poison Magic
 + Level 0.7 Invocations
 + Level 0.5 Evocations


You had 3 spell levels left.
You didn't know any spells.
Your spell library was empty.

Dungeon Overview and Level Annotations

Branches:
Dungeon (2/15)

Altars:


Innate Abilities, Weirdness & Mutations

You have very sharp teeth.
Your uncanny sense of smell can sniff out nearby items.
Your experience applies equally to all skills.


Message History

The orc is almost dead.
The orc closely misses you. x2; The orc barely misses you.
You hit the orc.
The orc is moderately wounded.
The orc barely misses you. You block the orc's attack.
The orc hits you with a +3 flail.
You barely miss the orc.
The orc is moderately wounded.
The orc barely misses you. The orc hits you but does no damage.
The orc hits you with a +3 flail!
Unknown command.
You closely miss the orc. You bite the orc, but do no damage.
The orc is moderately wounded.
The orc closely misses you. The orc barely misses you. The orc misses you.
Unknown command.
You barely miss the orc.
The orc is moderately wounded.
The orc barely misses you. The orc hits you with a +3 flail.
You closely miss the orc.
The orc is moderately wounded.
The orc closely misses you.
The orc hits you with a +1 short sword of holy wrath.
The orc hits you with a +3 flail. You block the orc's attack.
The orc barely misses you. x4
You closely miss the orc.
The orc is moderately wounded.
You block the orc's attack. The orc hits you with a +0 club.
The orc barely misses you. The orc hits you with a +3 flail.
* * * LOW HITPOINT WARNING * * *
Unknown command.
Unknown command.
You hit the orc.
The orc is lightly wounded.
The orc hits you with a +0 war axe.
* * * LOW HITPOINT WARNING * * *
The orc hits you but does no damage. x2; The orc closely misses you.
You sock the orc!
You kill the orc!
The orc hits you with a +0 war axe.
You die...

#. #.# #.# #.#
#.# #.########
######.........
......<.########
........o@)o....
........o#o.....
................
######.#........
#.###.##### #.#
.# # .#


You could see 4 orcs.

Vanquished Creatures
  A dart slug (D:1)
  An orc (D:2)
  An endoplasm (D:1)
  4 giant cockroaches
  A goblin (D:1)
  3 hobgoblins (D:1)
  2 quokkas
  A ball python (D:1)
  2 bats (D:1)
  2 kobolds (D:1)
  A rat (D:1)
19 creatures vanquished.

Notes
Turn   | Place    | Note
-------+----------+-------------------------------------------
     0 | D:1      | Patoropollo the Gnoll Fighter began the quest for the Orb.
     0 | D:1      | Reached XP level 1. HP: 23/23 MP: 1/1
   129 | D:1      | Reached XP level 2. HP: 20/29 MP: 2/2
   723 | D:2      | Reached XP level 3. HP: 35/35 MP: 3/3
   733 | D:2      | Slain by an orc

Illustrated notes

Levels and vault maps discovered:
D:1:      minmay_arrival_shattered_statue, layout_rooms
D:2:      layout_basic, nicolae_ecumenical_pavilion, uniq_terence, uniq_sigmund

Action                   || total
-------------------------++-------
Melee: Flail             ||    76
       Bite              ||     5
Armor: Scale mail        ||    34
Dodge: Dodged            ||    51
Block: Buckler           ||    20

Table legend: (Time is in decaauts)
 A = Elapsed time spent in this place.
 B = Non-inter-level travel time spent in this place.
 C = Inter-level travel time spent in this place.
 D = Time resting spent in this place.
 E = Time spent auto-exploring this place.
 F = Levels seen in this place.
 G = Mean time per level.
                   A        B        C        D        E       F      G
               +--------+--------+--------+--------+--------+-----+--------+
         Total |    749 |    747 |      2 |      0 |    565 |   2 |  374.5 |
       Dungeon |    749 |    747 |      2 |      0 |    565 |   2 |  374.5 |
               +--------+--------+--------+--------+--------+-----+--------+

Top non-repeatable levels by time:
     D:1: 726 daAuts
     D:2: 22 daAuts
